 Dungeon Crawl Stone Soup version 0.20.1-1-g8b1a95d (webtiles) character file.

28 letownia2 the Grave Robber (level 3, 0/28 HPs)
             Began as a Deep Dwarf Necromancer on Nov 3, 2017.
             Killed from afar by an orc wizard (7 damage)
             ... with a puff of frost
             ... on level 4 of the Dungeon.
             The game lasted 00:02:44 (857 turns).

letownia2 the Grave Robber (Deep Dwarf Necromancer)  Turns: 857, Time: 00:02:45

Health: 0/28       AC:  4    Str: 11    XL:     3   Next: 0%
Magic:  6/6        EV: 12    Int: 16    God:
Gold:   47         SH:  0    Dex: 13    Spells: 2/6 levels left

rFire    + . .     SeeInvis .   (no weapon)
rCold    . . .     Gourm    .   (no shield)
rNeg     . . .     Faith    .   h - +1 leather armour {rF+}
rPois    .         Spirit   .   (no helmet)
rElec    .         Reflect  .   (no cloak)
rCorr    .         Harm     .   (no gloves)
MR       .....                  (no boots)
Stlth    ++........             (no amulet)
Regen    0.0/turn               (no ring)
MPRegen  0.1/turn               (no ring)

@: non-regenerating
A: damage resistance, heal wounds, sense surroundings 1, no regeneration
a: Heal Wounds


You were on level 4 of the Dungeon.
You were not hungry.

You visited 1 branch of the dungeon, and saw 4 of its levels.

You collected 47 gold pieces.

Inventory:

Missiles
 j - 9 poisoned needles
Armour
 a - a +0 robe
 f - a +0 scale mail
 h - a +1 leather armour of fire resistance (worn)
 k - a +0 ring mail
Scrolls
 d - a scroll of enchant armour {unknown}
 e - a scroll of recharging {unknown}
 g - a scroll of fog {unknown}
 i - a scroll of identify {unknown}
 m - a scroll of remove curse {unknown}
Books
 b - a book of Necromancy

   Spells                             Type                      Level
   a - Pain                           Necromancy                   1
   b - Animate Skeleton               Necromancy                   1
   c - Vampiric Draining              Necromancy                   3
   d - Regeneration                   Charms/Necromancy            3
   e - Animate Dead                   Necromancy                   4
   f - Control Undead                 Necromancy                   4
Comestibles
 c - 2 bread rations


   Skills:
 - Level 2.1 Dodging
 - Level 2.4 Stealth
 - Level 2.2 Spellcasting
 + Level 5.1 Necromancy


You had 2 spell levels left.
You knew the following spells:

 Your Spells              Type           Power        Failure   Level  Hunger
a - Pain                  Necr           ###.         3%          1    #......
v - Vampiric Draining     Necr           ###.......   10%         3    ###....


Dungeon Overview and Level Annotations

Branches:
Dungeon (4/15)
 Temple: D:4-7

Altars:


Innate Abilities, Weirdness & Mutations

You are resistant to damage.
You can heal yourself by infusing magical energy.
You passively map a small area around you.
You do not regenerate.


Message History

The orc wizard gestures at you while chanting.
The magic dart hits you!
* * * LOW HITPOINT WARNING * * *
The orc wizard casts a cantrip, but nothing happens.
There is a stone staircase leading up here.
You climb upwards.
There is a stone staircase leading down here.
You start resting.
Eating a chunk of flesh.
You eat the chunk of flesh.
This raw flesh tastes terrible.
Your magical contamination has completely faded away.
You start resting.
Magic restored.
You climb downwards.
The orc wizard gestures at you while chanting.
The puff of flame hits you! You resist.
There is a stone staircase leading up here.
Unknown command.
The orc wizard casts a spell at you. The puff of frost hits you!
You die...

, * ###+## ** *
...... , , + , ,
..... ,* , ,, ,
**#..# * * ,
.######..#######+##*
..............#...#
..........o...#...#
,........@....['...#
.#..#.<###..###.##
** #### #### #.# , *
... , , .o...
....... , *
.###...## * o.*
#####** #. ,,


You could see an orc wizard.

Vanquished Creatures
  An adder (D:2)
  3 orcs
  A giant cockroach (D:3)
  A goblin (D:3)
  3 jackals
  4 kobolds
  A bat (D:4)
  A frilled lizard (D:3)
  A rat (D:2)
16 creatures vanquished.

Notes
Turn   | Place    | Note
-------+----------+-------------------------------------------
     0 | D:1      | letownia2 the Deep Dwarf Necromancer began the quest for the Orb.
     0 | D:1      | Reached XP level 1. HP: 15/15 MP: 3/3
   311 | D:2      | Reached XP level 2. HP: 17/22 MP: 0/5
   481 | D:3      | Reached skill level 5 in Necromancy
   752 | D:3      | Reached XP level 3. HP: 8/28 MP: 2/6
   757 | D:3      | Learned a level 3 spell: Vampiric Draining
   857 | D:4      | Killed from afar by an orc wizard

Skill      XL: |  1  2 |
---------------+-------+-----
Spellcasting   | 2 |  2.2
Necromancy     | 5 |  5.1
Dodging        | |  2.1
Stealth        | |  2.4

Action                   || total
-------------------------++-------
Melee: Unarmed           ||    33
 Cast: Pain              ||    37
       Vampiric Draining ||     1
  Eat: Chunk             ||     1
Armor: Robe              ||     9
Dodge: Dodged            ||    56
